[Event "CIS Master Groups 2024"]
[Site "Vasto"]
[Date "2024.04.14"]
[Round "11.21"]
[White "Natoli, Alessia"]
[Black "Osmak, Yuliia"]
[Result "0-1"]
[ECO "B50"]
[WhiteElo "1917"]
[BlackElo "2459"]
[Annotator "TA"]
[PlyCount "183"]
[EventDate "2024.04.07"]
[EventType "team-tourn"]
[EventCountry "ITA"]
[SourceTitle "playchess.com"]
[Source "ChessBase"]
[SourceQuality "1"]
[TimeControl "40/5400+30:900+30"]

1. e4 c5 2. Nf3 d6 3. c3 Nf6 4. Be2 g6 5. O-O Bg7 6. Bb5+ Nc6 7. Re1 O-O 8. h3 a6 9. Bxc6 {[%emt 0:02:51] The position is equal.} bxc6 10. d4 Nd7 11. Be3 Qb6 12. Qd2 a5 13. Na3 a4 14. Bh6 Bxh6 (14... cxd4 $11 {keeps the balance.} 15. cxd4 Rb8) 15. Qxh6 $16 {[%emt 0:00:15] Intending Ng5 and mate.} Re8 16. Qd2 (16. e5 $14 cxd4 17. exd6 (17. cxd4 Qb4 $16)) 16... Ba6 $11 17. e5 Nf8 (17... cxd4 $11 18. e6 fxe6 19. cxd4 Rab8) 18. dxc5 Qxc5 (18... dxc5 {simplifies} 19. e6 f6 20. Re3 Rab8) 19. Qf4 Ne6 {[%emt 0:01:26] Wards off Ng5} 20. Qxa4 Be2 21. Qe4 Bxf3 22. Qxf3 dxe5 23. b4 (23. Qe4 {seems wilder.} Nf4 24. Nc4 f5 25. Qxe5 Qxc4 26. b3) 23... Qd5 (23... e4 $5 24. Qxe4 (24. Rxe4 Qd5 $17) 24... Qxc3 $11) 24. Qxd5 cxd5 25. Nb5 e4 (25... Reb8 $11 26. a4 d4) 26. g3 ({White should play} 26. Red1 $16) 26... Ra4 27. Red1 Rd8 28. a3 f5 29. h4 Kf7 30. Kg2 Kf6 31. f3 Rd7 (31... h6 $11) 32. fxe4 (32. c4 $1 $16 {Threatens to win with Nc3.} exf3+ (32... d4 33. fxe4 fxe4 34. Nc3 $18) 33. Kxf3) 32... fxe4 $2 (32... Nc7 $1 $11 {and Black has nothing to worry.} 33. Nxc7 Rxc7) 33. c4 $1 $18 d4 34. Nc3 Raa7 35. Nxe4+ Kf5 36. Nf2 Ra4 $2 (36... Rdc7 37. c5 Nxc5 38. g4+ (38. bxc5 e5 $18) 38... Ke6 39. bxc5 Rxc5 40. Rxd4 Kf7) 37. Rd3 {[%emt 0:01:02] Re1 would now be deadly.} Rda7 38. Kf3 (38. Rf3+ Ke5 39. Rb3 Rc7 $16) (38. Rb3 $18) 38... Rxb4 $16 39. g4+ Kf6 40. Ne4+ (40. axb4 $16 Rxa1 41. Rd1) 40... Kf7 $1 $14 41. axb4 Rxa1 {[%emt 0:15:04][%mdl 4096] Endgame. KRN-KRN} 42. b5 Rf1+ (42... Rh1 $14) 43. Ke2 $16 Rb1 44. Rf3+ Ke8 45. Nd2 Rb2 (45... Rg1 $11 {and Black stays safe.}) 46. Rb3 $1 $18 (46. Kd3 Ra2 $11) 46... Ra2 47. b6 Ra8 48. b7 $2 ({Better is} 48. Rb5 $18) 48... Rb8 $14 49. Ne4 (49. Rb5 {simplifies} Nd8 50. Kd3 Rxb7 51. Rxb7 Nxb7 52. Kxd4 Kd7 53. Kd5) 49... Kd7 50. Rb6 {[%emt 0:00:00] Black must now prevent Kf3.} Nd8 (50... Nf4+ $1 $11 51. Kf3 Kc7) 51. Nc5+ $16 Kc7 52. Rb2 (52. Rb5 $16 {Strongly threatening Na6+.} Kc6 53. Kd3) 52... Kc6 $1 $14 53. Nb3 (53. Na6 $2 Rxb7 54. Ra2 Nf7 $19) 53... e5 $132 {[%emt 0:01:55][%mdl 2048] Black is not holding back} (53... Kxb7 $6 54. Nxd4+ Kc8 55. Rxb8+ Kxb8 56. Kd3 $16) (53... Kc7 {simplifies} 54. Nxd4 Rxb7 55. Rxb7+ Kxb7 56. Kd3 Kb6) 54. Na5+ Kc7 55. Rb5 e4 (55... Nxb7 $11 {remains equal.} 56. Rxe5 Nxa5 57. Rxa5 Rb3) 56. Re5 ({White has to play} 56. Rc5+ $16 Kd7 57. Rd5+ Kc7 58. Rxd4 Nxb7 59. Nxb7 Rxb7 60. Rxe4 Rb2+ 61. Ke3) 56... Kb6 57. Nb3 Nxb7 (57... Nc6 $14 58. Rxe4 Rxb7 59. Nxd4 Nxd4+ 60. Rxd4 Kc5) 58. Rb5+ ({Don't play} 58. Rxe4 $6 Nc5 59. Nxc5 (59. Rxd4 $2 {is the wrong capture.} Nxb3 60. Rd6+ Kc7 $19) 59... Kxc5 $11) (58. c5+ $16 Kb5 59. Nxd4+ (59. Rxe4 Nxc5 60. Nxd4+ Kc4 $11) 59... Kc4 60. c6 (60. Rxe4 Nxc5 61. Rf4 Re8+ 62. Kf3 Nd3 $11) 60... Kxd4 61. Rb5) 58... Ka6 59. Nc5+ $1 Ka7 60. Nxe4 {[%emt 0:00:13] Hoping for Kd3.} Rf8 61. c5 Nd8 62. Rb6 Rf4 {[%emt 0:00:37] [#]} (62... Nb7 $142) 63. Nf2 (63. Nd6 $1 $16 ) 63... Nb7 $11 64. Re6 Nxc5 65. Re7+ Kb6 66. Rxh7 Kb5 67. Nd3 Re4+ 68. Kd2 Rxg4 {[%emt 0:00:13] ...Rg2+ is the strong threat.} 69. Nxc5 Kxc5 {[%emt 0:00:06] KR-KR} 70. h5 g5 71. Rc7+ Kd6 72. Rg7 Ke5 73. h6 Kf6 74. Rd7 Rh4 75. h7 Kg6 76. Ke2 Rxh7 77. Rxd4 Rf7 {[%emt 0:00:03] ( -> ...Kh5)} 78. Rd8 $2 {[%emt 0:01:02][%mdl 8192] [#]} (78. Rd1 $11) 78... Kh5 $1 {[%emt 0:00:22] Black mates.} 79. Rh8+ Kg4 80. Rg8 Kh4 81. Rh8+ Kg3 82. Rg8 g4 83. Rh8 Kg2 84. Rh6 Re7+ 85. Kd3 g3 86. Rh8 Kf2 87. Rf8+ Kg1 88. Rg8 g2 89. Rg6 Rh7 90. Ke2 Kh2 91. Kf2 {[%emt 0:00:17] [#]} g1=Q+ $1 92. Rxg1 {[%emt 0:00:14] A wild game.   Weighted Error Value: White=0.31/Black=0.41.  Loses game:     	White=1     	Black=2      Mistake:       	White=9     	Black=10     Inaccurate:     	White=4     	Black=3      OK:         	White=29    	Black=28     Best:        	White=6     	Black=9      Strong:       	White=3     	Black=3} 0-1

[Event "CIS Master Groups 2024"]
[Site "Vasto"]
[Date "2024.04.14"]
[Round "11.22"]
[White "Brunello, Marina"]
[Black "Cammalleri, Elena"]
[Result "1-0"]
[ECO "B43"]
[WhiteElo "2353"]
[BlackElo "1824"]
[Annotator "TA"]
[PlyCount "57"]
[EventDate "2024.04.07"]
[EventType "team-tourn"]
[EventCountry "ITA"]
[SourceTitle "playchess.com"]
[Source "ChessBase"]
[SourceQuality "1"]
[TimeControl "40/5400+30:900+30"]

1. e4 c5 2. Nf3 e6 3. d4 cxd4 4. Nxd4 a6 5. Bd3 Qc7 6. O-O Nf6 7. Nc3 Be7 8. Kh1 b5 9. a3 Bb7 10. Qe2 d6 11. f4 Nbd7 12. Bd2 O-O 13. Rae1 Nc5 14. Rf3 Nxd3 {[%emt 0:01:55] Black has an edge.} 15. cxd3 Rfd8 16. Rh3 g6 (16... Rac8 $11 {might be stronger.}) 17. Nf3 {[%emt 0:03:23] White is more active.} (17. f5 $16 exf5 18. exf5) 17... Nd7 ({Black should try} 17... Bf8 $11) 18. Ng5 Nf8 19. Qg4 {[%emt 0:04:30][%cal Og5f7] [#] Nxf7! is the strong threat.} (19. f5 $5 exf5 20. exf5 Bxg5 21. Bxg5 $14) 19... Bc8 $2 (19... f5 $11 {and Black is okay.} 20. Qd1 Bf6) 20. Rf1 (20. f5 $18 {is more deadly.}) 20... Bf6 (20... f5 $16 21. exf5 gxf5) 21. Qh4 $18 {[%emt 0:08:32][%cal Of4f5] And now f5! would win.} Qe7 (21... d5 {keeps fighting.}) 22. f5 Ra7 $2 (22... Bb7 23. fxg6 fxg6) 23. fxg6 fxg6 24. Rhf3 Nd7 {[%emt 0:01:45] [#]} 25. e5 $1 dxe5 (25... Nxe5 26. Rxf6) 26. Nce4 {[%emt 0:00:08] A dynamic duo of knights.} Rf8 27. Bb4 Bxg5 28. Rxf8+ Nxf8 29. Nxg5 {[%emt 0:00:07] Weighted Error Value: White=0.30/Black=0.88.  Loses game:     	---       	Black=1      Mistake:       	White=2     	Black=5      Inaccurate:     	White=1     	Black=1      OK:         	White=4     	Black=1} 1-0

[Event "CIS Master Groups 2024"]
[Site "Vasto"]
[Date "2024.04.14"]
[Round "11.23"]
[White "Cambria, Chiara"]
[Black "Brunello, Roberta"]
[Result "0-1"]
[ECO "C53"]
[WhiteElo "1821"]
[BlackElo "1921"]
[Annotator "NA RC"]
[PlyCount "88"]
[EventDate "2024.04.07"]
[EventType "team-tourn"]
[EventCountry "ITA"]
[SourceTitle "playchess.com"]
[Source "ChessBase"]
[SourceQuality "1"]
[TimeControl "40/5400+30:900+30"]

1. e4 e5 2. Nf3 Nc6 3. Bc4 Bc5 4. c3 d6 5. d4 exd4 6. cxd4 Bb4+ 7. Bd2 Bxd2+ 8. Qxd2 h6 9. Nc3 Nf6 10. O-O O-O 11. Bb3 Bg4 12. Ne1 Qe7 13. Nc2 Bh5 14. f3 Bg6 15. Ne3 Rae8 16. Ncd5 Nxd5 17. Nxd5 Qd7 18. Rac1 Kh8 19. Ba4 a6 20. Nf4 b5 21. Nxg6+ fxg6 22. Bb3 Nd8 23. Qc3 c6 24. Rfd1 Qe7 25. Re1 Qg5 26. Qd3 c5 27. dxc5 dxc5 28. Bd5 c4 29. Qe3 Qh5 30. b3 cxb3 31. axb3 Ne6 32. Bc6 Re7 33. Red1 Nf4 34. Rc5 g5 35. Rd7 Rxd7 36. Bxd7 Qf7 37. Rf5 Qe7 38. Qb6 g6 39. Rxf8+ Qxf8 40. Qxa6 Qc5+ 41. Kf1 Qc1+ 42. Kf2 Qd2+ 43. Kf1 Qe2+ 44. Kg1 Qxg2# 0-1

[Event "CIS Master Groups 2024"]
[Site "Vasto"]
[Date "2024.04.14"]
[Round "11.24"]
[White "Maione, Melissa"]
[Black "Ciraulo, Silvia"]
[Result "1-0"]
[ECO "B12"]
[WhiteElo "1936"]
[BlackElo "1685"]
[Annotator "NA RC"]
[PlyCount "67"]
[EventDate "2024.04.07"]
[EventType "team-tourn"]
[EventCountry "ITA"]
[SourceTitle "playchess.com"]
[Source "ChessBase"]
[SourceQuality "1"]
[TimeControl "40/5400+30:900+30"]

1. e4 c6 2. d4 d5 3. e5 Bf5 4. h4 Bd7 5. Nf3 e6 6. Bd3 Qb6 7. c3 c5 8. O-O Nc6 9. dxc5 Bxc5 10. Qc2 a5 11. Bf4 Nge7 12. Nbd2 Ng6 13. Bg3 Qc7 14. Rfe1 Rc8 15. Rac1 Qb6 16. Nb3 Be7 17. Qb1 Na7 18. Nbd4 Nb5 19. h5 Nf8 20. Bf4 g6 21. h6 Bc6 22. Be3 Bc5 23. a3 Nd7 24. Qa2 Ra8 25. Qb1 O-O 26. Qc2 Rfc8 27. Qe2 Na7 28. b4 axb4 29. axb4 Bxd4 30. Nxd4 Qc7 31. b5 Nxe5 32. Bf4 Bd7 33. Bxe5 Qd8 34. Qf3 1-0

[Event "CIS Master Groups 2024"]
[Site "Vasto"]
[Date "2024.04.14"]
[Round "12.1"]
[White "Shevchenko, Kirill"]
[Black "Saric, Ivan"]
[Result "1-0"]
[ECO "B13"]
[WhiteElo "2675"]
[BlackElo "2670"]
[Annotator "TA"]
[PlyCount "57"]
[EventDate "2024.04.07"]
[EventType "team-tourn"]
[EventCountry "ITA"]
[SourceTitle "playchess.com"]
[Source "ChessBase"]
[SourceQuality "1"]
[TimeControl "40/5400+30:900+30"]

1. e4 c6 2. d4 d5 3. exd5 cxd5 4. c4 Nf6 5. Nc3 Nc6 6. Nf3 Bg4 7. cxd5 Nxd5 8. Qb3 Bxf3 9. gxf3 e6 10. Qxb7 Nxd4 11. Bb5+ Nxb5 12. Qc6+ Ke7 13. Qc5+ Ke8 14. Qxb5+ Qd7 {[%emt 0:00:28] [#]} 15. Nxd5 $1 exd5 16. Qd3 Bb4+ 17. Kf1 $1 {[%emt 0:00:55] White is slightly better.} f6 18. Kg2 Kf7 19. Bf4 Rhe8 (19... Rhd8 $14) 20. Rac1 {[%emt 0:01:03][%cal Ba1c1,Bc1c7,Bc7a7,Ba7c7][%mdl 32] Hoping for Rc7!} ({Much worse is} 20. Qxh7 $6 Rh8 21. Qd3 Qh3+ 22. Kg1 Rad8 $11) 20... Kg8 21. Rhd1 {[%emt 0:00:45] White is more active.} (21. Rc7 $142 Qe6 22. Rhc1) 21... Rad8 {[%emt 0:01:11] [#]} (21... Bf8 $16 {might work better.} 22. Qxd5+ Qxd5 23. Rxd5 a5) 22. Rc7 $1 $18 Qe6 23. Rxa7 Qe2 24. Rc7 {[%emt 0:01:34] Wards off Bc5} Qxb2 $2 (24... Qxd3 25. Rxd3 Re2) 25. Rb1 Qa3 26. Qf5 (26. Rb3 $18 {and the rest is easy.} Qa5 27. Qf5) 26... Bd6 (26... Kh8 $16) 27. Bxd6 (27. Qxd5+ Kh8 28. Bxd6 Qxd6 $16) 27... Qxd6 28. Rbb7 Qf8 29. Qg4 {[%emt 0:00:39] Black did not feel at home in the position after the opening.   Weighted Error Value: White=0.26 (precise) /Black=0.78.  Loses game:     	---       	Black=1      Missed win:     	White=1     	---        Mistake:       	White=1     	Black=3      Inaccurate:     	---       	Black=1      OK:         	White=3     	Black=3      Best:        	White=3     	Black=1      Strong:       	White=2     	---} ({Inferior is} 29. Rxg7+ Qxg7+ 30. Rxg7+ Kxg7 $11) 1-0

[Event "CIS Master Groups 2024"]
[Site "Vasto"]
[Date "2024.04.14"]
[Round "12.2"]
[White "Brunello, Sabino"]
[Black "Lodici, Lorenzo"]
[Result "1-0"]
[ECO "A20"]
[WhiteElo "2515"]
[BlackElo "2565"]
[Annotator "TA"]
[PlyCount "85"]
[EventDate "2024.04.07"]
[EventType "team-tourn"]
[EventCountry "ITA"]
[SourceTitle "playchess.com"]
[Source "ChessBase"]
[SourceQuality "1"]
[TimeControl "40/5400+30:900+30"]

1. c4 e5 2. g3 h5 3. Nf3 e4 4. Nh4 Be7 5. Nf5 d6 6. Nxe7 Qxe7 7. Nc3 h4 8. Rg1 (8. Nd5 $14 Qd8 9. Qc2) 8... hxg3 (8... Nf6 $11) 9. Rxg3 $14 Nf6 10. d3 Rxh2 11. Bg5 Qe5 {[%emt 0:00:29] Against Nd5} 12. Qd2 $1 Nh5 {[%emt 0:02:44] Against Bf4} 13. Re3 f5 {[%emt 0:00:28][%mdl 8192] [#]} (13... Kf8 $14 14. Rxe4 (14. Nxe4 Qf5 $11) 14... Qf5) 14. Nxe4 $1 $18 Kf7 (14... fxe4 15. Rxe4 Nc6 16. Rxe5+ dxe5 17. Qe3 $18) 15. Nc3 Qc5 {[%emt 0:00:35] [#]} 16. b4 $2 Qd4 $16 {[%emt 0:00:58] [#]} 17. O-O-O $1 (17. Re7+ Kg6 18. O-O-O (18. Rxc7 $2 Qxf2+ 19. Kd1 Qxf1+ $19) 18... Nc6 19. Rxc7 Nxb4 $14) 17... Be6 (17... Nc6 $142) 18. Rf3 (18. Rh3 $16 Rxh3 19. Bxh3) 18... Nd7 (18... Nc6 $1 $11) 19. Be3 $36 {[%emt 0:00:30][%mdl 2048] White is in control.} Qf6 20. Kb1 Ne5 21. Rh3 Rxh3 22. Bxh3 Kg8 23. f4 (23. Nb5 $16 Qf7 24. Rg1 (24. Bxa7 c6 $16) (24. Nxa7 f4 $11)) 23... Nc6 (23... Ng4 $14) 24. b5 Nd4 (24... Ne7 $16 {was called for.}) 25. Ne4 fxe4 26. Bxd4 Qxd4 27. Bxe6+ Kf8 {[%emt 0:00:40] [#]} 28. Rh1 $1 Re8 (28... e3 $142 29. Qe1 g6) 29. Bd7 $2 ({White must play} 29. f5 $18 g6 30. Qg5 (30. fxg6 Rxe6 31. Qg5 Qe5 $11) (30. Qh6+ Qg7 $14)) 29... Re7 $11 30. Rxh5 Rxd7 {[%emt 0:00:28][%mdl 4096] Endgame. KQR-KQR} 31. Rd5 Qg1+ 32. Kb2 e3 33. Qc2 Qe1 34. a3 Rf7 35. c5 Qa5 $2 (35... Rxf4 $11 {and Black stays safe.} 36. cxd6 cxd6) 36. cxd6 $18 cxd6 $2 (36... g6 37. d4 (37. d7 Rxd7 38. Qc5+ Rd6 $16) 37... cxd6 38. Qxg6 Qd2+ 39. Kb3 Qd1+ 40. Kb4 (40. Qc2 Qxc2+ 41. Kxc2 Ke7 $18) 40... Qe1+ 41. Kb3 Qd1+ 42. Qc2 Qxc2+ 43. Kxc2 Ke7) 37. Qc8+ Ke7 38. Qxb7+ Ke6 {[%emt 0:00:32] [#]} 39. f5+ $1 {[%emt 0:00:28][%mdl 512] White mates.} Rxf5 40. Qc8+ Kxd5 41. Qxf5+ Kd4 42. Qe4+ Kc5 43. Qc4+ {[%emt 0:00:39] Weighted Error Value: White=0.32/Black=0.47.  Loses game:     	---       	Black=2      Missed win:     	White=2     	---        Mistake:       	White=3     	Black=7      Inaccurate:     	White=2     	---        OK:         	White=11    	Black=11     Best:        	White=3     	Black=4      Strong:       	White=3     	---} 1-0

[Event "CIS Master Groups 2024"]
[Site "Vasto"]
[Date "2024.04.14"]
[Round "12.3"]
[White "Barp, Alberto"]
[Black "Dvirnyy, Danyyil"]
[Result "0-1"]
[ECO "D27"]
[WhiteElo "2470"]
[BlackElo "2480"]
[Annotator "TA"]
[PlyCount "90"]
[EventDate "2024.04.07"]
[EventType "team-tourn"]
[EventCountry "ITA"]
[SourceTitle "playchess.com"]
[Source "ChessBase"]
[SourceQuality "1"]
[TimeControl "40/5400+30:900+30"]

1. d4 d5 2. c4 dxc4 3. Nf3 Nf6 4. e3 e6 5. Bxc4 c5 6. O-O a6 7. e4 Nxe4 8. Qe2 {[%emt 0:00:31] is now more promising than 8.d5. D27: Queen's Gambit Accepted: Classical main line: 7 e4!? and 7 a4.} Nf6 9. d5 Nxd5 10. Rd1 Be7 11. Nc3 O-O (11... Nc6 $1 $11) 12. Nxd5 $14 exd5 13. Rxd5 ({White should play} 13. Bxd5 $14 Qc7 14. Re1 (14. Bf4 Qxf4 15. Qxe7 Nd7 $16)) 13... Qc7 $146 (13... Qe8 $5) ({Predecessor:} 13... Qe8 14. Bg5 Be6 15. Bxe7 Qxe7 16. Ng5 Nc6 17. Qh5 h6 18. Nxe6 Qxe6 19. Rxc5 Qe7 20. Rc1 Nd4 21. Bf1 {½-½ Santiago,Y (2466)-Bachmann,A (2611) Asuncion CIT op 2023 (9)}) 14. Ng5 Bxg5 15. Rxg5 (15. Bxg5 Be6 16. Rd2 Re8 $15) 15... Nc6 16. Rxc5 Bd7 17. Be3 Rae8 (17... Be6 $11 {keeps the balance.}) 18. Rc1 (18. Qc2 $5) 18... Re5 19. Bd5 Rfe8 20. Qd2 Rf5 21. h3 h6 22. b4 Be6 (22... Rd8 $14 23. Qe2 Bc8 24. Bxc6 Rxc5 25. Rxc5 bxc6) 23. Bxe6 ({Better is} 23. Bxc6 $16 bxc6 24. Rxc6) 23... fxe6 $14 24. a4 Rxc5 25. Rxc5 Rd8 26. Qe2 Qd6 27. b5 axb5 28. axb5 Ne7 29. Rc1 Nd5 30. g3 Qe5 31. Qd2 Ra8 32. Bd4 Qf5 33. Kh2 Ra3 {[%emt 0:00:28] [#]} (33... Kh7 $11 {remains equal.}) 34. Qe2 (34. Bxg7 $1 $16 {And now Qb2 would win.} Kxg7 35. Qb2+ Kf7 36. Qxa3 Qxf2+ 37. Kh1) 34... Rd3 35. Ba1 Kh7 36. Re1 Ra3 37. Be5 Rb3 38. Kg2 Nb4 39. g4 Qg6 40. Bg3 Nd3 41. Rd1 e5 42. h4 (42. Bxe5 $11 Rxb5 43. Qxd3 (43. Rxd3 Rxe5 44. Qxe5 Qxd3 $15) 43... Qxd3 44. Rxd3 Rxe5 45. Rd7) 42... e4 $1 $15 43. h5 Qe6 44. f3 $2 (44. Rd2 $17) 44... Nf4+ $1 $19 (44... Rxb5 $2 {too greedy.} 45. Rxd3 (45. fxe4 $2 Rb2 $19) (45. Qxe4+ Qxe4 46. fxe4 Rb2+ 47. Kf3 Rb3 $11) 45... Rb4 46. Kh3 $18) 45. Bxf4 exf3+ ({Worse is} 45... Rxf3 46. Bh2 $14) 0-1

[Event "CIS Master Groups 2024"]
[Site "Vasto"]
[Date "2024.04.14"]
[Round "12.4"]
[White "Gilevych, Artem"]
[Black "Cappelletto, Joshuaede"]
[Result "0-1"]
[ECO "D42"]
[WhiteElo "2417"]
[BlackElo "2306"]
[Annotator "TA"]
[PlyCount "41"]
[EventDate "2024.04.07"]
[EventType "team-tourn"]
[EventCountry "ITA"]
[SourceTitle "playchess.com"]
[Source "ChessBase"]
[SourceQuality "1"]
[TimeControl "40/5400+30:900+30"]

1. e4 c5 2. c3 d5 3. exd5 Nf6 4. d4 Nxd5 5. Nf3 cxd4 6. cxd4 Nc6 7. Nc3 e6 8. Bd3 Be7 9. a3 O-O 10. Bc2 Nxc3 11. bxc3 {[%emt 0:00:45] Black has an edge.} Bf6 12. h4 {[%emt 0:00:45][%cal Oc2h7] Black must now prevent Bxh7+!} e5 {[%emt 0:01:12] [#]} (12... Qa5 $15 13. Ng5 g6 (13... Nxd4 14. Bxh7+ Kh8 15. Qh5 Bxg5 16. hxg5 Qxc3+ 17. Kd1) (13... Qxc3+ $2 14. Bd2 $18)) 13. Bxh7+ $2 Kxh7 $19 14. Ng5+ Kg8 15. d5 {[%emt 0:02:56] [#]} e4 $1 16. dxc6 (16. O-O Ne5) 16... Bxc3+ 17. Bd2 {[%emt 0:00:29] [#]} Bg4 $1 {[%emt 0:00:57] A strong pair of Bishops.} (17... Bxa1 $2 18. cxb7 Rb8 (18... Bxb7 $2 19. Qh5 $18) 19. bxc8=Q (19. Qxa1 $2 Rxb7 20. Bb4 Qd3 $19) (19. bxc8=R Qxc8 20. O-O Bf6 $17) 19... Qxc8 20. O-O $19 (20. Qxa1 $2 Qc2 $17)) 18. f3 (18. Qc2 $142 Bxa1 19. O-O) 18... exf3 {[%emt 0:00:36] Black is clearly winning.} ({Weaker is} 18... Qd4 19. Bxc3 Qxc3+ 20. Kf2 exf3 21. Rc1 Qb2+ (21... Qxa3 22. gxf3 Bc8 23. Qc2 $14) 22. Qc2 Qxc2+ (22... Qxa3 23. Qh7#) 23. Rxc2 fxg2 24. Kxg2 $19) 19. gxf3 Re8+ 20. Kf2 Qd4+ ({Less strong is} 20... Qxd2+ 21. Qxd2 Bxd2 22. cxb7 Be3+ 23. Kg3 $15) 21. Kg3 {[%emt 0:00:36] White did not feel at home in the position after the opening.   Weighted Error Value: White=1.16/Black=0.08 (flawless) .  Loses game:     	White=1     	---        Mistake:       	White=1     	Black=1      Inaccurate:     	White=1     	---        OK:         	White=1     	Black=1      Best:        	White=1     	Black=3      Strong:       	---       	Black=1} 0-1

[Event "CIS Master Groups 2024"]
[Site "Vasto"]
[Date "2024.04.14"]
[Round "13.1"]
[White "Saric, Ivan"]
[Black "Shevchenko, Kirill"]
[Result "1-0"]
[ECO "B33"]
[WhiteElo "2670"]
[BlackElo "2675"]
[Annotator "TA"]
[PlyCount "101"]
[EventDate "2024.04.07"]
[EventType "team-tourn"]
[EventCountry "ITA"]
[SourceTitle "playchess.com"]
[Source "ChessBase"]
[SourceQuality "1"]
[TimeControl "40/5400+30:900+30"]

1. e4 c5 2. Nf3 Nc6 3. d4 cxd4 4. Nxd4 Nf6 5. Nc3 e5 6. Ndb5 d6 7. Bg5 a6 8. Na3 b5 9. Nd5 Be7 10. Bxf6 Bxf6 11. c3 Rb8 12. Nc2 Bg5 13. a4 bxa4 14. Ncb4 Nxb4 15. cxb4 O-O {[%emt 0:00:30] The position is equal.} 16. Rxa4 a5 17. b5 Bd7 18. Nc3 d5 19. Nxd5 Bxb5 20. Bxb5 Rxb5 21. O-O Rxb2 22. Qa1 Rb5 23. Qxe5 {[%emt 0:00:38][%cal Od5f6] [#] Nf6+! would now be deadly.} Kh8 24. Rd1 Bf6 25. Qh5 (25. Qg3 {simplifies} Qb8 26. Nxf6 Qxg3 27. hxg3 gxf6 28. f3) 25... Qd6 $2 {[%emt 0:01:14] Loses the game.} (25... Qb8 $11 {and Black has nothing to worry.}) 26. Nxf6 $18 Rxh5 27. Rxd6 gxf6 28. Rxf6 {[%emt 0:00:34][%mdl 4096] Endgame. KRR-KRR} Kg7 29. Ra6 Re8 (29... Rb8 {was necessary.} 30. h3 (30. R6xa5 $2 Rb1#) 30... Rbb5) 30. f3 $1 (30. R6xa5 Rxe4 31. Rxe4 Rxa5 $16) 30... Ree5 31. g4 Rhg5 32. h4 Rg6 33. R4xa5 {[%emt 0:00:32] [#] White wants to mate with Rxg6+.} Re7 34. h5 Rxa6 (34... Rge6 $142 35. Kg2 h6) 35. Rxa6 {[%emt 0:00:29] aiming for h6+. KR-KR} h6 36. Kf2 Rc7 37. Kg3 {[%emt 0:00:29] Kf4 is the strong threat.} Rc3 38. Kf4 Rb3 39. e5 {[%emt 0:00:31] White mates.} Rc3 40. Ke4 Rc7 41. f4 Rb7 42. Kf5 Re7 43. g5 hxg5 44. h6+ Kh7 45. Kxg5 Rd7 46. f5 Rc7 47. Kf6 Rb7 48. e6 fxe6 49. fxe6 Rb1 50. e7 Rf1+ 51. Ke6 {[%emt 0:00:29] Weighted Error Value: White=0.06 (flawless) /Black=0.59.  Loses game:     	---       	Black=1      Mistake:       	---       	Black=2      Inaccurate:     	---       	Black=2      OK:         	White=9     	Black=8      Best:        	White=2     	---        Strong:       	White=1     	---} 1-0

[Event "CIS Master Groups 2024"]
[Site "Vasto"]
[Date "2024.04.14"]
[Round "13.2"]
[White "Lodici, Lorenzo"]
[Black "Brunello, Sabino"]
[Result "0-1"]
[ECO "B12"]
[WhiteElo "2565"]
[BlackElo "2515"]
[Annotator "TA"]
[PlyCount "163"]
[EventDate "2024.04.07"]
[EventType "team-tourn"]
[EventCountry "ITA"]
[SourceTitle "playchess.com"]
[Source "ChessBase"]
[SourceQuality "1"]
[TimeControl "40/5400+30:900+30"]

1. e4 c6 2. d4 d5 3. e5 Bf5 4. Nf3 e6 5. Be2 Ne7 6. Nbd2 c5 7. c3 Nec6 8. Nf1 Nd7 9. Ng3 Bg6 10. O-O Be7 11. Be3 cxd4 12. cxd4 O-O 13. Bd3 Rc8 14. Bxg6 hxg6 15. Rc1 Nb6 16. Nd2 a5 17. a3 a4 18. Ne2 Na5 19. Nc3 Qd7 20. Rc2 Nbc4 21. Nxc4 Nxc4 22. Bc1 b5 23. Ne2 b4 24. axb4 Rb8 25. Rc3 Rxb4 26. b3 axb3 27. Rxb3 Rfb8 28. Rxb4 Rxb4 29. Nf4 Qa4 30. Qg4 Qc2 31. Qe2 Qxe2 (31... Qc3 {seems wilder.} 32. Qd3 Rb3 33. Rd1 g5) 32. Nxe2 Rb3 33. Rd1 Bd8 34. g3 g5 35. h3 f6 36. exf6 gxf6 37. Kg2 Kf7 38. Ng1 Rb1 39. Nf3 (39. h4 $11 {should be considered.}) 39... Be7 40. Rf1 Kg6 41. g4 Kf7 42. Be3 Rxf1 (42... Rb2 $15 43. Bc1 Rc2) 43. Kxf1 $11 Bd8 44. Ke2 Be7 45. Bc1 Bd8 46. Kd3 Ba5 47. Be3 Nd6 48. Ng1 Nc4 49. Ne2 Be1 50. Ng1 Ba5 51. Ne2 Be1 52. Ng1 Bb4 53. Nf3 Kg6 54. h4 gxh4 55. Nxh4+ Kf7 56. f4 Ba5 57. Bc1 Bb6 58. Nf3 Nd6 59. Be3 Ne4 60. Ne1 Bc7 61. Nc2 e5 62. dxe5 fxe5 63. f5 Ng3 64. Nb4 d4 65. Bf2 e4+ 66. Kxd4 Bb6+ 67. Ke5 Bxf2 68. Kf4 e3 69. Nd3 $2 (69. Kf3 $11) 69... Ne2+ $2 (69... e2 70. Ke5 e1=Q+ (70... e1=B $2 71. g5 $19) 71. Nxe1 Bxe1) 70. Kf3 $2 (70. Ke4) 70... Nd4+ $19 71. Kg2 Bh4 72. Kh3 Bg5 73. Kg3 e2 74. Kf2 Bd2 (74... Kf6 $142 75. Kg3 Ke7) 75. Kg3 Kf6 76. Kh4 e1=Q+ 77. Nxe1 Bxe1+ 78. Kh5 Nf3 79. Kh6 Bd2+ 80. Kh5 Ng5 81. Kh6 Ne4+ 82. Kh5 0-1